 Dungeon Crawl Stone Soup version 0.14-a0-3194-g0089908 (webtiles) character file.

21050 Kae the Severer (level 12, -11/104 HPs)
             Began as a Hill Orc Fighter on Mar 9, 2014.
             Was a High Priest of Okawaru.
             Mangled by Rupert
             ... wielding a +1,+0 great sword of slicing
              (20 damage)
             ... on Level 3 of the Lair of Beasts on Mar 11, 2014.
             The game lasted 00:42:19 (18652 turns).

Kae the Severer (Hill Orc Fighter)                 Turns: 18652, Time: 00:42:19

HP -11/104       AC 16     Str 24      XL: 12   Next: 78%
MP  12/12        EV  7     Int  8      God: Okawaru [*****.]
Gold 737         SH  0     Dex 17      Spells:  0 memorised, 11 levels left

rFire  . . .     SeeInvis +     N - +2,+3 battleaxe
rCold  + . .     Clarity  .     l - +0 plate armour
rNeg   . . .     Conserve .     (no shield)
rPois  .         rCorr    .     K - +2 hat
rElec  .         rRot     .     G - +0 cloak {+Inv}
SustAb . .       Spirit   .     (no gloves)
rMut   .         Warding  .     (no boots)
Saprov + . .     Stasis   .     B - amulet of faith
MR     .....                    E - ring of sustenance
                                h - +5 ring of dexterity

@: confused, very slightly contaminated, hasted, very quick, not resistant to
hostile enchantments, extremely unstealthy
A: see invisible, agile 1, cold resistance 1, saprovore 1
a: Heroism, Finesse, Renounce Religion, Evoke Invisibility


You were on level 3 of the Lair of Beasts.
You worshipped Okawaru.
Okawaru was extremely pleased with you.
You were hungry.

You visited 3 branches of the dungeon, and saw 15 of its levels.
You also visited: Sewer.

You collected 737 gold pieces.

Inventory:

Hand weapons
 a - a +1,+0 war axe
 N - a +2,+3 battleaxe (weapon)
Missiles
 b - 3 tomahawks of returning (quivered)
Armour
 c - a +0 shield
 l - a +0 plate armour (worn)
 G - a +0 cloak of darkness (worn)
 K - a +2 hat (worn)
 T - a +2 shield of poison resistance
Magical devices
 g - a wand of paralysis (14) {unknown}
 o - a wand of magic darts (0)
 s - a wand of fireball (0)
 u - a wand of draining (0)
 A - a wand of slowing (0)
 D - a wand of random effects (8) {unknown}
 H - a wand of slowing (2)
 I - a wand of frost (6)
 O - a wand of random effects (16) {unknown}
Comestibles
 d - 5 meat rations
 f - 15 bread rations
 i - an orange
 m - 13 bananas
 t - 2 pears
 w - a cheese
 z - an apple
 M - 7 sultanas
 P - 10 strawberries
 V - a lychee
Scrolls
 e - 2 scrolls of teleportation
 k - 12 scrolls of identify
 r - a scroll of holy word {unknown}
 v - a scroll of enchant weapon I
 x - 7 scrolls of remove curse
 y - 7 scrolls of enchant armour
 R - a scroll of fear
 U - a scroll of recharging {unknown}
Jewellery
 h - a +5 ring of dexterity (left hand)
 j - an uncursed ring of wizardry
 p - an uncursed ring of see invisible
 B - an amulet of faith (around neck)
 E - a ring of sustenance (right hand)
Potions
 n - 2 potions of restore abilities
 C - 2 potions of berserk rage {unknown}
 J - 4 potions of agility
 L - 2 potions of resistance
Books
 q - a book of the Sky

   Spells                             Type                      Level
   Flight                             Charms/Air                   3
   Airstrike                          Air                          4
   Silence                            Hexes/Air                    5
   Deflect Missiles                   Charms/Air                   6
   Conjure Ball Lightning             Conjuration/Air              6
   Tornado                            Air                          9
 F - a book of Unlife

   Spells                             Type                      Level
   Recall                             Summoning/Translocation      3
   Animate Dead                       Necromancy                   4
   Control Undead                     Necromancy                   4
   Twisted Resurrection               Necromancy                   5
   Death Channel                      Necromancy                   6
   Simulacrum                         Ice/Necromancy               6


   Skills:
 + Level 9.1 Fighting
 * Level 20.0 Axes
 + Level 8.0 Armour
 + Level 5.3 Dodging
   Level 5.4 Shields


You had 11 spell levels left.
You didn't know any spells.

Dungeon Overview and Level Annotations

Branches:
Dungeon (11/16)            Temple (1/1) D:4             Orc (0/4) D:10
   Lair (3/8) D:11
  Swamp: Lair:3-6    Shoals: Lair:3-6     Snake: Lair:3-6    Spider: Lair:3-6

Altars:
Ashenzari
Elyvilon
Fedhas
Kikubaaqudgha
Makhleb
Okawaru
Trog
Vehumet
Xom
Yredelemnul
Zin
The Shining One

Shops:
D:5 [

Annotations:
Lair:3 Rupert


Innate Abilities, Weirdness & Mutations

You can tolerate rotten meat.
You have supernaturally acute eyesight.
You are agile. (Dex +2)
Your flesh is cold resistant.


Message History

You can move again.
Rupert yells loudly, causing you to lose all wits.
You are more confused.
Ouch! Ouch! Rupert looks more energetic.
Rupert roars, making you freeze in fear.
You suddenly lose the ability to move!
Rupert yells loudly, causing you to lose all wits.
You are more confused.
You can move again.
Ouch! Unknown command.
Unknown command.
Unknown command.
Ouch!
Rupert roars madly and goes into a rage!
Rupert goes berserk!
Rupert rages.
Rupert hits you with a runed great sword!
You die...

.......###.....# ###.#.......
###........P.#.## #.#.#.###...
.##.#.....####..# ###.....# ..
###.......# #..P# ##...#..#.#
###......####...# #..######.
##.#......##....###Y## #
...................##
...##......#....@.### # ##
.....#......#...@...# .###.#
.....#......#....P#.####...##
..........####....##........#
..........####..####..#.....##
...##.###......####..P.......###
.####...f..#.#..##.....#.......##
..#.......#....#......#.........#
#.................Pf#.###...##...
.....................## #....##..


You could see Rupert (berserk) and an elephant.

Vanquished Creatures
  Gastronok (Lair:1)
  Urug (D:10)
  A hill giant (D:10)
  2 octopodes (D:11)
  Maurice (D:8)
  8 elephants (D:11)
  A cyclops (D:11)
  A feature mimic (D:11)
  2 spiny frogs
  A black mamba (Lair:3)
  Grinder (D:6)
  A centaur skeleton (D:10)
  4 komodo dragons
  A spriggan (D:7)
  A troll (D:10)
  3 blink frogs (Lair:3)
  4 sharks
  Eustachio (D:7)
  A gargoyle (D:5)
  17 yaks
  4 hippogriffs
  A wyvern (D:10)
  A hungry ghost (D:6)
  Menkaure (D:4)
  3 water moccasins
  2 necrophages
  A manticore zombie (D:10)
  An ice beast (D:8)
  A phantom (D:10)
  3 centaurs
  3 giant goldfish (Lair:1)
  A porcupine (Lair:1)
  3 sky beasts
  4 ogres
  A yellow wasp (D:10)
  6 orc warriors
  Duvessa (D:6)
  4 giant slugs
  A big kobold (Sewer)
  4 crocodiles
  6 giant frogs
  A brain worm (D:11)
  Blork the orc (D:7)
  4 scorpions
  A troll zombie (D:9)
  A hippogriff zombie (D:11)
  4 electric eels
  A giant frog zombie (D:8)
  Dowan (D:6)
  11 hounds
  3 orc priests
  A gnoll shaman (D:5)
  2 crimson imps
  A jelly (D:5)
  Crazy Yiuf (D:6)
  4 big fish
  4 iguanas
  11 orc wizards
  Natasha (thrice) (D:4)
  8 worker ants
  Ijyb (D:5)
  A mottled dragon skeleton (D:10)
  A worker ant zombie (D:10)
  4 gnolls (D:5)
  13 green rats
  5 giant mites
  19 adders
  4 worms
  An inept feature mimic (D:2)
  A shadow imp (D:4)
  An adder zombie (D:2)
  2 giant eyeballs
  5 giant geckos
  An ooze (D:1)
  60 orcs
  19 bats
  6 giant cockroaches
  12 goblins
  17 hobgoblins
  12 jackals
  5 quokkas
  6 ball pythons
  A giant gecko skeleton (D:6)
  4 giant newts
  A giant spore (D:10)
  A gnoll skeleton (D:4)
  A goblin skeleton (D:4)
  A hobgoblin skeleton (D:8)
  3 hobgoblin zombies
  19 kobolds
  2 kobold zombies (D:2)
  An orc skeleton (D:2)
  2 orc zombies
  A quokka zombie (D:5)
  18 rats
  2 rat skeletons
  2 plants
423 creatures vanquished.

Vanquished Creatures (others)
  An orc (D:9)
  2 fungi (Lair:2)
  2 plants (Lair:1)
5 creatures vanquished.

Grand Total: 428 creatures vanquished

Notes
Turn   | Place    | Note
--------------------------------------------------------------
     0 | D:1      | Kae, the Hill Orc Fighter, began the quest for the Orb.
     0 | D:1      | Reached XP level 1. HP: 19/19 MP: 1/1
    65 | D:1      | Reached XP level 2. HP: 10/26 MP: 2/2
   419 | D:1      | Reached skill level 4 in Axes
   526 | D:1      | Reached XP level 3. HP: 22/31 MP: 3/3
   903 | D:2      | Reached skill level 5 in Axes
  1138 | D:2      | Reached XP level 4. HP: 35/39 MP: 4/4
  1577 | D:3      | Reached skill level 6 in Axes
  1653 | D:3      | Reached XP level 5. HP: 35/45 MP: 5/5
  1698 | D:3      | Found a glowing drain.
  1821 | Sewer    | Entered a sewer
  1825 | Sewer    | Reached skill level 7 in Axes
  1924 | Sewer    | Reached skill level 8 in Axes
  1924 | Sewer    | Reached XP level 6. HP: 48/51 MP: 6/6
  1942 | Sewer    | Found a glowing silver altar of Zin.
  2813 | D:4      | Noticed Menkaure
  2828 | D:4      | Killed Menkaure
  2828 | D:4      | Reached skill level 9 in Axes
  3122 | D:4      | Found a staircase to the Ecumenical Temple.
  3280 | D:4      | Noticed Natasha
  3296 | D:4      | Killed Natasha
  3296 | D:4      | Reached XP level 7. HP: 21/57 MP: 7/7
  3348 | D:4      | Noticed Natasha
  3495 | D:4      | Killed Natasha
  3528 | D:4      | Noticed Natasha
  3532 | D:4      | Killed Natasha
  3651 | D:4      | Reached skill level 10 in Axes
  3933 | Temple   | Entered the Ecumenical Temple
  3939 | Temple   | Became a worshipper of Warmaster Okawaru
  4043 | D:5      | Entered Level 5 of the Dungeon
  4045 | D:5      | Found Opaac's Antique Armour Shoppe.
  4269 | D:5      | Reached skill level 11 in Axes
  4578 | D:5      | Reached XP level 8. HP: 52/64 MP: 8/8
  4700 | D:5      | Reached skill level 12 in Axes
  5102 | D:5      | Noticed Ijyb
  5120 | D:5      | Killed Ijyb
  5185 | D:5      | Acquired Okawaru's first power
  5185 | D:5      | Reached skill level 13 in Axes
  5191 | D:5      | HP: 3/64 [poisoned by a water moccasin]
  5565 | D:5      | Paralysed by a giant eyeball for 2 turns
  5569 | D:5      | Paralysed by a giant eyeball for 2 turns
  5842 | D:6      | Noticed Duvessa
  5842 | D:6      | Noticed Dowan
  6317 | D:6      | Killed Duvessa
  6711 | D:6      | Killed Dowan
  6711 | D:6      | Reached skill level 14 in Axes
  6711 | D:6      | Reached XP level 9. HP: 65/70 MP: 9/9
  6742 | D:6      | Noticed Crazy Yiuf
  6754 | D:6      | Killed Crazy Yiuf
  7079 | D:6      | Noticed Grinder
  7118 | D:6      | Killed Grinder
  7480 | D:7      | Noticed Eustachio
  7498 | D:7      | Killed Eustachio
  7498 | D:7      | Reached skill level 15 in Axes
  7500 | D:7      | Got a slimy steam dragon armour
  7517 | D:7      | Identified the cursed -2 steam dragon armour of Sorcery {Dex+2 Acc+5} (You found it on level 7 of the Dungeon)
  7979 | D:7      | Upgraded the game from 0.14-a0-3154-g428849b to 0.14-a0-3194-g0089908
  8140 | D:7      | Noticed Blork the orc
  8147 | D:7      | Killed Blork the orc
  8358 | D:7      | Reached skill level 16 in Axes
  8803 | D:7      | Found a shimmering altar of Xom.
  8971 | D:7      | Noticed a spriggan baker
  8977 | D:7      | Killed a spriggan baker
  8977 | D:7      | Reached XP level 10. HP: 77/77 MP: 10/10
  9312 | D:8      | Found a burning altar of Makhleb.
  9464 | D:8      | Noticed Maurice
  9512 | D:8      | Killed Maurice
  9512 | D:8      | Reached skill level 17 in Axes
 10042 | D:9      | Gained mutation: Your flesh is cold resistant. [potion of mutation]
 10042 | D:9      | Gained mutation: You have supernaturally acute eyesight. [potion of mutation]
 10042 | D:9      | Gained mutation: You are agile. (Dex +2) [potion of mutation]
 10051 | D:9      | Reached skill level 18 in Axes
 10714 | D:10     | Entered Level 10 of the Dungeon
 10909 | D:10     | Reached skill level 1 in Dodging
 11010 | D:10     | Noticed Urug
 11608 | D:10     | Reached skill level 5 in Fighting
 11608 | D:10     | Reached XP level 11. HP: 83/86 MP: 11/11
 11653 | D:10     | Noticed a hill giant
 11661 | D:10     | Killed a hill giant
 11661 | D:10     | Acquired Okawaru's second power
 11661 | D:10     | Reached skill level 5 in Shields
 11732 | D:10     | Paralysed by a giant eyeball for 4 turns
 11939 | D:10     | Found a staircase to the Orcish Mines.
 11998 | D:10     | Reached skill level 5 in Armour
 12330 | D:10     | Killed Urug
 13538 | D:10     | Paralysed by a yellow wasp for 1 turns
 13875 | D:11     | Received a gift from Okawaru
 13906 | D:11     | Reached skill level 19 in Axes
 13930 | D:11     | Reached XP level 12. HP: 32/100 MP: 12/12
 14131 | D:11     | Found a staircase to the Lair.
 14373 | Lair:1   | Entered Level 1 of the Lair of Beasts
 14775 | Lair:1   | Received a gift from Okawaru
 15343 | Lair:1   | Noticed Gastronok
 15357 | Lair:1   | Killed Gastronok
 16230 | Lair:2   | Noticed a seven-headed hydra
 16405 | Lair:2   | Reached skill level 5 in Dodging
 16614 | Lair:2   | Noticed a death yak
 16615 | Lair:2   | Noticed a death yak
 18566 | Lair:3   | Reached skill level 20 in Axes
 18582 | Lair:3   | Noticed Rupert
 18588 | Lair:3   | Paralysed by Rupert for 2 turns
 18596 | Lair:3   | Paralysed by Rupert for 3 turns
 18610 | Lair:3   | HP: 3/104 [Rupert/runed great sword (18)]
 18610 | Lair:3   | HP: 1/104 [Rupert/runed great sword (2)]
 18635 | Lair:3   | Paralysed by Rupert for 2 turns
 18642 | Lair:3   | Paralysed by Rupert for 2 turns
 18652 | Lair:3   | Mangled by Rupert

Action                   |  1- 3 |  4- 6 |  7- 9 | 10-12 || total
-------------------------+-------+-------+-------+-------++-------
Melee: War axe           |   100 |   229 |   539 |   427 ||  1295
       Battleaxe         |       |       |       |   397 ||   397
Throw: Tomahawk          |       |       |       |     2 ||     2
Invok: Heroism           |       |       |       |    10 ||    10
       Finesse           |       |       |       |     1 ||     1
 Abil: Evoke Invisibilit |       |       |       |     1 ||     1
Evoke: Wand              |       |       |       |    12 ||    12
  Use: Potion            |       |     7 |     4 |     9 ||    20
       Scroll            |       |       |    10 |     9 ||    19
 Stab: Invisible         |       |       |       |    12 ||    12
